[Event "Team 45 45 League T78"]
[Site "Internet Chess Club"]
[Date "2018.10.08"]
[Round "3"]
[White "Yedixon"]
[Black "PolishRyszard"]
[Result "0-1"]
[WhiteElo "1670"]
[BlackElo "1848"]
[Opening "English: Sicilian reversed"]
[ECO "A25"]
[Time "16:51:35"]
[TimeControl "2700+45"]

1. c4 e5 2. Nc3 Nc6 3. g3 f5 4. Bg2 Nf6 5. e3 d5 6. Nxd5 Nxd5 7. Bxd5 Nb4 8. Qb3
e4 9. a3 Nd3+ 10. Kf1 c6 11. Bxc6+ bxc6 12. Ne2 Be7 13. Nd4 Qc7 14. Qa4 Bd7 15.
b4 O-O 16. Qb3 c5 17. Nb5 Bxb5 18. cxb5+ c4 19. Qc2 Rab8 20. Bb2 Nxb2 21. Qxb2
Bf6 {White resigns} 0-1

[Event "Team 45 45 League T78"]
[Site "Internet Chess Club"]
[Date "2018.10.07"]
[Round "3"]
[White "disinformator"]
[Black "THE-WARRIOR"]
[Result "1-0"]
[WhiteElo "1809"]
[BlackElo "1599"]
[Opening "Réti opening"]
[ECO "A04"]
[Time "15:01:40"]
[TimeControl "2700+45"]

1. Nf3 c5 2. e3 g6 3. d4 cxd4 4. exd4 d5 5. Nc3 Bg7 6. Bf4 a6 7. Qd2 Nc6 8. Ne5
Nxe5 9. dxe5 e6 10. h4 h5 11. Bd3 Bd7 12. O-O-O b5 13. Rde1 Qc7 14. Kb1 O-O-O
15. a4 Qb7 16. Qe2 Kc7 17. a5 Bf8 18. Na2 Rc8 19. Be3 Kb8 20. g4 hxg4 21. Qxg4
Ne7 22. h5 gxh5 23. Rxh5 Rxh5 24. Qxh5 Nc6 25. Bb6 Be8 26. f4 Bb4 27. Nxb4 Nxb4
28. Bh7 f5 29. Bg6 Qc6 30. c3 Nd3 31. Bxe8 Rxe8 32. Rg1 Rc8 33. Rg7 Nc5 34. Ba7+
Ka8 35. Bxc5 Qxc5 36. Qf7 Rb8 37. Qxe6 {Black resigns} 1-0

[Event "Team 45 45 League T78"]
[Site "Internet Chess Club"]
[Date "2018.10.07"]
[Round "3"]
[White "Demachaeron"]
[Black "cadmiumorange"]
[Result "0-1"]
[WhiteElo "1724"]
[BlackElo "1849"]
[Opening "Modern defense"]
[ECO "A40"]
[Time "14:01:18"]
[TimeControl "2700+45"]

1. d4 g6 2. c4 Bg7 3. Nc3 d6 4. Nf3 Bg4 5. e3 c5 6. dxc5 Bxc3+ 7. bxc3 dxc5 8.
Qxd8+ Kxd8 9. Be2 Nf6 10. Rb1 b6 11. h3 Bf5 12. Rb2 Nc6 13. Ng5 Ke8 14. O-O h6
15. Bf3 Rc8 16. Bxc6+ Rxc6 17. Nf3 Ne4 18. Bd2 Rd6 19. g4 Be6 20. Kg2 Bxc4 21.
Re1 f6 22. a4 Kf7 23. h4 Rhd8 24. Bc1 Ba6 25. Ng1 Nxc3 26. e4 Bb7 27. f3 Nxa4
28. Ra2 b5 29. e5 Rd4 30. exf6 exf6 31. Rae2 R8d7 32. Bxh6 Rxg4+ 33. Kh3 Rgd4
34. Re8 g5 35. h5 Rh4+ 36. Kg3 Rxh5 37. Rf8+ Kg6 {White resigns} 0-1

[Event "Team 45 45 League T78"]
[Site "Internet Chess Club"]
[Date "2018.10.07"]
[Round "3"]
[White "walkover"]
[Black "Gojira"]
[Result "1-0"]
[WhiteElo "1728"]
[BlackElo "1697"]
[Opening "Petrov: modern (Steinitz) attack"]
[ECO "C43"]
[Time "07:02:42"]
[TimeControl "2700+45"]

1. e4 e5 2. Nf3 Nf6 3. d4 exd4 4. e5 Nd5 5. Qxd4 Nb6 6. Nc3 Nc6 7. Qe4 Be7 8.
Bf4 h6 9. O-O-O O-O 10. Bd3 g6 11. Bxh6 Re8 12. h4 Bf6 13. h5 Nxe5 14. hxg6 Nxg6
15. Qg4 Bg7 16. Bxg6 d6 17. Bh7+ {Black resigns} 1-0

[Event "Team 45 45 League T78"]
[Site "Internet Chess Club"]
[Date "2018.10.07"]
[Round "3"]
[White "janh"]
[Black "room-matt"]
[Result "1-0"]
[WhiteElo "1933"]
[BlackElo "1830"]
[Opening "Queen's pawn game"]
[ECO "D00"]
[Time "14:35:15"]
[TimeControl "2700+45"]

1. d4 Nf6 2. Nc3 d5 3. Bf4 c5 4. e3 e6 5. Nb5 Na6 6. c3 Qb6 7. a4 Bd7 8. Nf3 c4
9. b3 Bxb5 10. axb5 Qxb5 11. Nd2 Be7 12. bxc4 dxc4 13. Nxc4 O-O 14. Bd3 Qc6 15.
O-O Nc7 16. Ne5 Qe8 17. c4 Qc8 18. Qb3 Rd8 19. Rfb1 Nh5 20. Be4 Nxf4 21. Bxb7
Rb8 22. Bxc8 Rxb3 23. Rxb3 Rxc8 24. exf4 a6 25. Nc6 Bf6 26. Rb7 Ne8 27. Rxa6 Nd6
28. Rb8 Rxb8 29. Nxb8 Be7 30. c5 Nf5 31. Nc6 h5 32. Nxe7+ Nxe7 33. Ra8+ Kh7 34.
Ra7 Nc6 35. Rxf7 Nxd4 36. Rd7 Ne2+ 37. Kf1 Nxf4 38. c6 Nd5 39. Rxd5 {Black
resigns} 1-0

[Event "Team 45 45 League T78"]
[Site "Internet Chess Club"]
[Date "2018.10.08"]
[Round "3"]
[White "fishhead"]
[Black "primerpaso"]
[Result "1-0"]
[WhiteElo "1727"]
[BlackElo "1810"]
[Opening "Sicilian: Najdorf, Lipnitzky attack"]
[ECO "B90"]
[Time "19:09:00"]
[TimeControl "2700+45"]

1. e4 c5 2. Nf3 d6 3. d4 cxd4 4. Nxd4 Nf6 5. Nc3 a6 6. Bc4 Qc7 7. Bb3 e6 8. O-O
Nc6 9. Be3 Be7 10. f4 O-O 11. a4 Na5 12. Ba2 Nc4 13. Bc1 Bd7 14. Qe2 Na5 15. e5
Ne8 16. f5 d5 17. Kh1 Nc4 18. Nf3 b5 19. axb5 axb5 20. b3 Na3 21. Bxa3 Rxa3 22.
Nxb5 Bxb5 23. Qxb5 Qa7 24. fxe6 fxe6 25. Qc6 Ra6 26. Qc8 Nc7 27. Qd7 Bb4 28. Ng5
Na8 29. Rxf8+ Bxf8 30. Qe8 Qe7 31. Qc8 Nc7 32. h4 Ra8 33. Qb7 h6 34. Nf3 Qc5 35.
c4 Qa7 36. Qc6 Be7 37. Qd7 Bd8 38. cxd5 exd5 39. b4 Kh8 40. e6 Bf6 41. Rc1 Nxe6
42. Rc8+ Bd8 43. Qe8+ Kh7 44. Bb1+ g6 45. Qxg6+ Kh8 46. Rxa8 {Black resigns} 1-0

[Event "Team 45 45 League T78"]
[Site "Internet Chess Club"]
[Date "2018.10.06"]
[Round "3"]
[White "Portola"]
[Black "LinceHispano44"]
[Result "1/2-1/2"]
[WhiteElo "1794"]
[BlackElo "1710"]
[Opening "Queen's pawn game"]
[ECO "A45"]
[Time "13:00:44"]
[TimeControl "2700+45"]

1. d4 Nf6 2. c3 d5 3. Bg5 e6 4. e3 Be7 5. Nf3 O-O 6. Nbd2 c5 7. Bd3 h6 8. Bh4 b6
9. Qe2 Bb7 10. O-O Ne4 11. Bg3 Nxg3 12. hxg3 Nd7 13. Rfe1 Nf6 14. e4 cxd4 15.
Nxd4 dxe4 16. Nxe4 Qd5 17. Nxf6+ Bxf6 18. Be4 Qxe4 19. Qxe4 Bxe4 20. Rxe4 Rfd8
21. Nf3 Rd6 22. Rae1 Rad8 23. Kf1 b5 24. Rb4 Rb6 25. Rbe4 a5 26. R4e2 Ra8 27.
Rd1 b4 28. cxb4 axb4 29. b3 Bc3 30. Rc1 Rb5 31. Kg1 e5 32. Rcc2 Rba5 33. Nh2 f5
34. Nf1 f4 35. gxf4 exf4 36. Nh2 g5 37. g4 R8a7 38. Kg2 Kf7 39. f3 R7a6 40. Nf1
Kg6 41. Nh2 h5 42. gxh5+ Kxh5 43. Ng4 Kg6 44. Kh1 Kf5 45. Kg2 Re6 46. Rxe6 Kxe6
47. Re2+ Kf5 {Game drawn by mutual agreement} 1/2-1/2

[Event "Team 45 45 League T78"]
[Site "Internet Chess Club"]
[Date "2018.10.07"]
[Round "3"]
[White "zap2"]
[Black "kabindra"]
[Result "0-1"]
[WhiteElo "1621"]
[BlackElo "1710"]
[Opening "Réti: King's Indian attack"]
[ECO "A05"]
[Time "10:02:54"]
[TimeControl "2700+45"]

1. Nf3 Nf6 2. g3 g6 3. Bg2 Bg7 4. d3 O-O 5. Nbd2 c6 6. O-O d6 7. e4 e5 8. Re1 h6
9. Nf1 Be6 10. Ne3 Na6 11. Qe2 c5 12. a4 Rb8 13. Nd2 Nb4 14. Ndc4 a6 15. a5 Kh7
16. c3 Nc6 17. Nd5 Ne7 18. Ncb6 Nexd5 19. exd5 Bg4 20. Qd2 Re8 21. h3 Bc8 22.
Kh2 Nd7 23. Nc4 Qc7 24. f4 b5 25. axb6 Nxb6 26. fxe5 Nxc4 27. dxc4 Rxe5 28. Rxe5
Bxe5 29. Qxh6+ Kg8 30. Be4 Qe7 31. Bg5 Rxb2+ 32. Kg1 Bd4+ 33. cxd4 Qxe4 34. Bd2
Qxd4+ 35. Qe3 Rxd2 36. Qxd4 cxd4 37. Rb1 Bxh3 38. Rb6 Rc2 39. Rxa6 d3 {White
resigns} 0-1

[Event "Team 45 45 League T78"]
[Site "Internet Chess Club"]
[Date "2018.10.04"]
[Round "3"]
[White "gnat"]
[Black "HomerSimpson"]
[Result "0-1"]
[WhiteElo "2066"]
[BlackElo "1992"]
[Opening "Sicilian: closed"]
[ECO "B23"]
[Time "22:05:44"]
[TimeControl "2700+45"]

1. e4 c5 2. Nc3 e5 3. f4 exf4 4. Nf3 Nc6 5. Bc4 g5 6. O-O Bg7 7. d3 d6 8. Nd5
Bg4 9. Qe1 Bxf3 10. gxf3 Nge7 11. c3 a6 12. a4 Ne5 13. Qe2 Nxc4 14. dxc4 Nxd5
15. cxd5 Qd7 16. Kh1 Qh3 17. Ra2 Be5 18. Rg1 Rg8 19. Qg2 Qxg2+ 20. Rxg2 h5 21.
h3 Ke7 22. c4 f5 23. exf5 Kf6 24. Ra3 b5 25. axb5 axb5 26. cxb5 Kxf5 27. b6 Rxa3
28. bxa3 Rb8 29. Bb2 Rxb6 30. Bxe5 Rb1+ 31. Kh2 dxe5 32. Rd2 c4 33. d6 c3 34. d7
cxd2 35. d8=Q d1=Q 36. Qc8+ Kf6 37. Qc6+ Ke7 38. Qc7+ Ke6 39. Qc6+ Qd6 40. Qc8+
Ke7 41. Qc2 Rd1 42. Qh7+ Kd8 43. Qg8+ Kd7 44. Qh7+ Qe7 45. Qf5+ Qe6 46. Qh7+ Kd6
47. Qc2 Rd4 48. Qb2 Ke7 49. Qb7+ Qd7 {White resigns} 0-1

[Event "Team 45 45 League T78"]
[Site "Internet Chess Club"]
[Date "2018.10.06"]
[Round "3"]
[White "charles-allen"]
[Black "Percival"]
[Result "1/2-1/2"]
[WhiteElo "1833"]
[BlackElo "2010"]
[Opening "Alekhine's defense: Sämisch attack"]
[ECO "B02"]
[Time "21:38:39"]
[TimeControl "2700+45"]

1. e4 Nf6 2. e5 Nd5 3. Nc3 e6 4. Nxd5 exd5 5. d4 d6 6. Nf3 Bg4 7. h3 Bxf3 8.
Qxf3 dxe5 9. dxe5 Bc5 10. Bd3 O-O 11. O-O Nc6 12. Re1 Nb4 13. Be3 Nxd3 14. cxd3
Bxe3 15. Rxe3 Qd7 16. d4 c6 17. Rae1 Rae8 18. Qe2 Re7 19. f4 f5 20. e6 Qd6 21.
Re5 Rf6 22. Qe3 h5 23. g4 hxg4 24. hxg4 fxg4 25. f5 Qb4 26. Re2 Rh6 27. Qf4 Qc4
28. b3 Qd3 29. R5e3 Qb1+ 30. Re1 Qxa2 31. R1e2 Qa1+ 32. Re1 Qb2 33. R1e2 Qc1+
34. Re1 Qd2 35. R1e2 Qb4 36. Qxg4 c5 37. Rd3 cxd4 38. Qxd4 Qa3 39. Qf4 Qa1+ 40.
Kf2 Rh1 41. Kg3 Qg1+ 42. Rg2 Qe1+ 43. Rf2 Qg1+ 44. Rg2 Qe1+ 45. Rf2 Rg1+ 46. Kh2
Rh1+ 47. Kg3 Qg1+ 48. Rg2 Qe1+ 49. Rf2 {Game drawn by repetition} 1/2-1/2

[Event "Team 45 45 League T78"]
[Site "Internet Chess Club"]
[Date "2018.10.04"]
[Round "3"]
[White "cool64chess"]
[Black "Ajolote"]
[Result "1/2-1/2"]
[WhiteElo "1987"]
[BlackElo "1839"]
[Opening "Nimzo-Indian: Kmoch variation"]
[ECO "E24"]
[Time "11:03:46"]
[TimeControl "2700+45"]

1. d4 Nf6 2. c4 e6 3. Nc3 Bb4 4. f3 c5 5. a3 Bxc3+ 6. bxc3 d6 7. e4 Nc6 8. Be3
b6 9. Bd3 O-O 10. f4 e5 11. fxe5 Nxe4 12. Qf3 f5 13. exf6 Nxf6 14. Qxc6 Qe7 15.
Qf3 Ng4 16. Qe4 Qxe4 17. Bxe4 Nxe3 18. Bxa8 Nc2+ 19. Kd2 Nxa1 20. Bd5+ Kh8 21.
Nf3 Nb3+ 22. Kc2 Na5 23. Re1 Bf5+ 24. Kb2 Bd3 25. dxc5 bxc5 26. Re6 Nxc4+ 27.
Bxc4 Bxc4 28. Rxd6 {Game drawn by mutual agreement} 1/2-1/2

[Event "Team 45 45 League T78"]
[Site "Internet Chess Club"]
[Date "2018.10.07"]
[Round "3"]
[White "ChessRooklift"]
[Black "kidcobra"]
[Result "0-1"]
[WhiteElo "1685"]
[BlackElo "1823"]
[Opening "Scotch gambit: Dubois-Réti defense"]
[ECO "C55"]
[Time "20:32:34"]
[TimeControl "2700+45"]

1. e4 e5 2. Nf3 Nc6 3. d4 exd4 4. Bc4 Nf6 5. e5 d5 6. Bb5 Ne4 7. Nxd4 Bd7 8.
Bxc6 bxc6 9. O-O Bc5 10. f3 Ng5 11. Be3 Ne6 12. c3 h5 13. Kh1 Bxd4 14. cxd4 h4
15. b4 h3 16. g3 f5 17. exf6 Qxf6 18. Nc3 O-O 19. Qd2 Rf7 20. Rae1 Raf8 21. Na4
Qg6 22. f4 Ng5 23. Nc5 Bg4 24. Qd3 Bf3+ 25. Kg1 Qxd3 26. Nxd3 Bg2 27. Ne5 Bxf1
28. Rxf1 Rf6 29. Rc1 Ne4 30. Nd7 Re6 31. Nxf8 Kxf8 32. f5 Rf6 33. Kf1 Rxf5+ 34.
Ke2 Rf6 35. a4 Ke7 36. b5 Kd7 37. Bf4 g5 38. Be3 g4 39. Bg1 cxb5 40. axb5 Rf3
41. Be3 Kc8 42. Rc6 Kb7 43. Rg6 Nc3+ 44. Kd2 Nxb5 45. Rxg4 a5 46. Ke2 Rf6 47.
Rg5 a4 48. Rxd5 Nc3+ {White resigns} 0-1

[Event "Team 45 45 League T78"]
[Site "Internet Chess Club"]
[Date "2018.10.06"]
[Round "3"]
[White "janh"]
[Black "Manon"]
[Result "1-0"]
[WhiteElo "1920"]
[BlackElo "2001"]
[Opening "Queen's pawn: Chigorin variation"]
[ECO "D00"]
[Time "11:11:19"]
[TimeControl "2700+45"]

1. d4 d5 2. Nc3 Nf6 3. Bf4 c5 4. e3 e6 5. Nb5 Na6 6. Nf3 Qa5+ 7. c3 c4 8. a4 Bd7
9. Nd6+ Bxd6 10. Bxd6 Ne4 11. Bf4 f6 12. Be2 O-O 13. O-O Rae8 14. h3 Qb6 15. Qc2
Qc6 16. Rfb1 Nc7 17. b3 b5 18. Bxc7 cxb3 19. Rxb3 bxa4 20. Rba3 Qxc7 21. Bd3 Rb8
22. c4 Rfc8 23. c5 Rb4 24. Nd2 f5 25. Nf3 Rcb8 26. R3a2 Qb7 27. Ne5 Bb5 28. c6
Qa6 29. Bxe4 fxe4 30. Qc5 Rb3 31. Qe7 Qc8 32. Nd7 Bxc6 33. Nxb8 Rxb8 34. Rc2 Qd7
35. Qc5 Bb5 36. Rac1 Bc4 37. Qa5 Rb6 38. Ra1 Qb5 39. Qxb5 Bxb5 40. Rc8+ Kf7 41.
Rc7+ Kf6 42. Rxa7 Bc6 43. Rc1 h6 44. Rc7 Bb7 45. Rd7 a3 46. Ra1 Rb3 47. Rc7 e5
48. dxe5+ Kxe5 49. Rxg7 d4 50. exd4+ Kxd4 51. Rg3 Rxg3 52. fxg3 e3 53. Rxa3 Bd5
54. Kf1 Bc4+ 55. Ke1 h5 56. Ra8 Bd5 57. Rh8 Bf7 58. Rh7 Be8 59. Rg7 Bc6 60. Rg5
Bxg2 61. Rxh5 Ke4 62. g4 Kf4 63. Rh8 Be4 64. Rg8 Bd3 65. h4 Bc4 66. Rg7 Kg3 67.
h5 Bd3 68. h6 Kh4 69. h7 Bxh7 70. Rxh7+ Kxg4 71. Ke2 {Black resigns} 1-0

[Event "Team 45 45 League T78"]
[Site "Internet Chess Club"]
[Date "2018.10.07"]
[Round "3"]
[White "Monterrey"]
[Black "primerpaso"]
[Result "1-0"]
[WhiteElo "1974"]
[BlackElo "1832"]
[Opening "Nimzo-Indian: 4.e3 c5"]
[ECO "E41"]
[Time "19:02:39"]
[TimeControl "2700+45"]

1. d4 Nf6 2. c4 e6 3. Nc3 Bb4 4. e3 c5 5. Bd3 O-O 6. Ne2 d5 7. a3 cxd4 8. exd4
dxc4 9. Bxc4 Be7 10. O-O Nbd7 11. Ba2 Nb6 12. Qd3 Bd7 13. Bg5 Bc6 14. Rad1 Nbd5
15. Bb1 g6 16. Bh6 Re8 17. f3 Nxc3 18. Nxc3 Qa5 19. Rfe1 Qh5 20. Bc1 Bd6 21. h3
Bg3 22. Re2 Bc7 23. b4 a6 24. a4 Qh4 25. b5 axb5 26. axb5 Bd5 27. Ne4 Bxe4 28.
fxe4 Rad8 29. Qf3 Nh5 30. Be3 Rd7 31. Rf2 Qg3 32. Qxg3 Nxg3 33. Rc2 Bb6 34. Rc4
Red8 35. Kf2 Nh5 36. g4 Ng7 37. Kf3 Ne8 38. Bg5 f6 39. Be3 Rc7 40. Rdc1 Rdc8 41.
Ba2 Kf7 42. d5 Bxe3 43. dxe6+ Ke7 44. Kxe3 Rxc4 45. Rxc4 Rxc4 46. Bxc4 Nc7 47.
Kd4 b6 48. e5 Nxe6+ 49. Bxe6 Kxe6 50. exf6 Kxf6 51. Kd5 h5 52. Kc6 hxg4 53. hxg4
Kg5 54. Kxb6 Kxg4 55. Kc5 Kf3 56. b6 g5 57. b7 g4 58. b8=Q g3 59. Qf8+ Ke2 60.
Qg7 Kf2 61. Qf6+ Kg1 62. Qd4+ Kh1 63. Qh4+ Kg2 64. Kd4 Kf3 65. Qh1+ g2 66. Qg1
Kg3 67. Ke3 {Black resigns} 1-0

[Event "Team 45 45 League T78"]
[Site "Internet Chess Club"]
[Date "2018.10.05"]
[Round "3"]
[White "VictorRed"]
[Black "laurenpar"]
[Result "0-1"]
[WhiteElo "1730"]
[BlackElo "1854"]
[Opening "Queen's pawn"]
[ECO "A40"]
[Time "22:00:31"]
[TimeControl "2700+45"]

1. d4 e6 2. Bf4 f5 3. c4 Nf6 4. Nc3 d6 5. Nf3 g6 6. e3 Bg7 7. Be2 O-O 8. Qc2 Qe7
9. O-O Nc6 10. Rad1 h6 11. h3 Bd7 12. d5 Nd8 13. e4 e5 14. Bh2 f4 15. Kh1 g5 16.
Ng1 h5 17. Nb5 Be8 18. b4 a6 19. Nc3 g4 20. h4 Bg6 21. Bd3 Bh6 22. Na4 Ne8 23.
g3 f3 24. c5 Rb8 25. Rfe1 Rf7 26. Nb2 c6 27. cxd6 Nxd6 28. Nc4 cxd5 29. Nxd6
Qxd6 30. exd5 Bxd3 31. Qxd3 Rc8 32. Qe4 Bg7 33. Rd3 b5 34. a3 Rc4 35. Qe3 e4 36.
Rdd1 Bh6 37. Qb3 Rf5 38. Qb1 Rxd5 39. Rxd5 Qxd5 40. Rd1 Rd4 41. Re1 Nf7 42. Qc2
Nd6 43. Qc7 Nc4 44. Qc8+ Kh7 45. Qc7+ Bg7 46. Qe7 e3 47. Rxe3 Nxe3 48. Qxe3 Qe4
49. Qc1 Qd3 50. Qg5 Rd5 51. Qc1 Qd2 52. Qb1+ Kh8 {White resigns} 0-1

[Event "Team 45 45 League T78"]
[Site "Internet Chess Club"]
[Date "2018.10.05"]
[Round "3"]
[White "bobhill"]
[Black "andrew37"]
[Result "0-1"]
[WhiteElo "1799"]
[BlackElo "1681"]
[Opening "Queen's bishop game"]
[ECO "D02"]
[Time "16:17:36"]
[TimeControl "2700+45"]

1. d4 d5 2. Nf3 Nf6 3. Bf4 Bf5 4. e3 e6 5. Nbd2 c6 6. c4 Bd6 7. Bxd6 Qxd6 8. c5
Qc7 9. b4 Nbd7 10. Be2 e5 11. dxe5 Nxe5 12. Qb3 O-O 13. Nd4 Bg6 14. h3 h6 15.
O-O Rfe8 16. Rfe1 Re7 17. Nf1 Ne4 18. f3 Nf6 19. f4 Ned7 20. Ng3 Ne4 21. Ngf5
Bxf5 22. Nxf5 Re6 23. Bf3 Nd2 24. Qc3 Nxf3+ 25. gxf3 Rg6+ 26. Kf2 Nf8 27. Rg1
Ne6 28. Nd6 d4 29. Qc4 dxe3+ 30. Ke2 b5 31. Qe4 Rxg1 32. Rxg1 a5 33. h4 axb4 34.
f5 Rxa2+ 35. Kxe3 Qa7 36. fxe6 Qxc5+ 37. Qd4 Re2+ 38. Kxe2 Qxd4 39. exf7+ Kf8
40. Rd1 Qe5+ 41. Kf1 Qg3 42. Rd3 b3 43. Ne4 Qh3+ 44. Ke2 b2 45. Nd2 Qh2+ 46. Ke3
Qxd2+ 47. Rxd2 b1=Q 48. Rd7 Qe1+ 49. Kf4 Qxh4+ 50. Ke3 Qe7+ {White resigns} 0-1

[Event "Team 45 45 League T78"]
[Site "Internet Chess Club"]
[Date "2018.10.07"]
[Round "3"]
[White "scostanzo212"]
[Black "Portola"]
[Result "1/2-1/2"]
[WhiteElo "1543"]
[BlackElo "1784"]
[Opening "QGD: 4.Nf3"]
[ECO "D37"]
[Time "10:00:47"]
[TimeControl "2700+45"]

1. d4 d5 2. c4 e6 3. Nf3 Nf6 4. Nc3 Be7 5. Bg5 Nbd7 6. cxd5 exd5 7. Bxf6 Nxf6 8.
a3 O-O 9. b4 c6 10. e3 Bf5 11. Bd3 Bg6 12. Bxg6 hxg6 13. O-O a6 14. Qb3 Bd6 15.
Na4 Re8 16. h3 Ne4 17. Nc5 Qe7 18. Qc2 Qc7 19. Rfb1 Nf6 20. a4 b6 21. Nd3 Nd7
22. Rc1 Rec8 23. Ra3 Qa7 24. Rc3 Nb8 25. Nfe5 c5 26. bxc5 bxc5 27. dxc5 Bxe5 28.
Nxe5 Qc7 29. Nf3 Nc6 30. Nd4 Nb4 31. Qb3 Rab8 32. Qa3 a5 33. Nb5 Qd7 34. Qb3 Rc6
35. Rd1 Qe7 36. Nd6 Qa7 37. Rdc1 Qe7 38. Qd1 Qe5 39. Qd4 Qxd4 40. exd4 Na2 41.
Nb5 Rb7 42. R1c2 Nxc3 43. Rxc3 Re7 44. Re3 Kf8 45. Kf1 Rxe3 46. fxe3 Ke7 47. Ke2
Ke6 48. Kd3 f5 {Game drawn by mutual agreement} 1/2-1/2

[Event "Team 45 45 League T78"]
[Site "Internet Chess Club"]
[Date "2018.10.06"]
[Round "3"]
[White "misuc56"]
[Black "ryanfu2008"]
[Result "1-0"]
[WhiteElo "1523"]
[BlackElo "1469"]
[Opening "King's Indian defense"]
[ECO "E60"]
[Time "14:31:11"]
[TimeControl "2700+45"]

1. d4 Nf6 2. c4 g6 3. e3 Bg7 4. Nc3 d5 5. Bd2 O-O 6. f4 c5 7. Nf3 Nc6 8. cxd5
Nxd5 9. Bc4 Nxc3 10. bxc3 cxd4 11. cxd4 Bf5 12. O-O Qc7 13. Rc1 Qd6 14. Bc3 Be4
15. Nd2 Bd5 16. Qb3 Bxc4 17. Nxc4 Qc7 18. Bb2 Qd7 19. Bc3 e6 20. Rb1 Rab8 21.
Ne5 Nxe5 22. fxe5 Rfd8 23. Rf3 Qd5 24. Rbf1 Qxb3 25. axb3 Rd7 26. Bb4 b6 27. Bd6
Rc8 28. b4 Rc3 29. e4 Rc4 30. Rd3 Bf8 31. Ra1 Bxd6 32. exd6 Rxb4 33. e5 Rc4 34.
Kf2 Rc2+ 35. Kf3 Kg7 36. h4 f6 37. g4 fxe5 38. dxe5 Rc5 39. Ke4 Rc4+ 40. Rd4
Rxd4+ 41. Kxd4 h6 42. Kc4 Kf7 43. Kb5 Ke8 44. Rc1 Kd8 45. Rf1 Ke8 46. Rf6 Rg7
47. Rxe6+ Kd7 48. Rf6 Ke8 49. e6 a5 50. Kxb6 a4 51. Rf4 a3 52. Ra4 g5 53. Ra8#
{Black checkmated} 1-0

[Event "Team 45 45 League T78"]
[Site "Internet Chess Club"]
[Date "2018.10.07"]
[Round "3"]
[White "Pawnchain"]
[Black "g8wrb"]
[Result "1-0"]
[WhiteElo "1321"]
[BlackElo "1259"]
[Opening "Queen's pawn: London system"]
[ECO "A45"]
[Time "15:01:38"]
[TimeControl "2700+45"]

1. d4 Nf6 2. Bf4 e6 3. e3 Nc6 4. Nf3 Be7 5. Nbd2 Nh5 6. Be5 d6 7. Bg3 Nxg3 8.
hxg3 e5 9. c3 Bg4 10. d5 Nb8 11. Qb3 b6 12. Qa4+ Qd7 13. Bb5 c6 14. dxc6 Qc7 15.
Qxg4 g6 16. Ng5 Bxg5 17. Qxg5 a6 18. Bd3 Nxc6 19. Qf6 Kd7 20. Qxf7+ Kc8 21.
Qxc7+ Kxc7 22. Be4 Raf8 23. f3 Ne7 24. Bd3 Nf5 25. Bxf5 Rxf5 26. e4 Rf7 27. Ke2
Kc6 28. Nc4 Kc5 29. Kd3 Rd8 30. b4+ Kc6 31. Ne3 b5 32. Nd5 Rc8 33. a4 bxa4 34.
Rxa4 Ra8 35. Ra5 Rb7 36. Rha1 Rba7 37. b5+ Kd7 38. b6 Rb7 39. Rxa6 Rxa6 40. Rxa6
Kc6 41. Ra7 Rb8 42. Rxh7 g5 43. c4 Rc8 44. Ne7+ Kb7 45. Nxc8+ Kxc8 46. Ra7 g4
47. Kc3 d5 48. cxd5 gxf3 49. gxf3 Kb8 50. d6 Kc8 51. Kc4 Kb8 52. Kc5 Kc8 53. Kc6
Kb8 54. Rh7 {Black resigns} 1-0

[Event "Team 45 45 League T78"]
[Site "Internet Chess Club"]
[Date "2018.10.08"]
[Round "3"]
[White "Chessfish"]
[Black "kidcobra"]
[Result "1-0"]
[WhiteElo "1849"]
[BlackElo "1808"]
[Opening "Ruy Lopez: Schliemann defense"]
[ECO "C63"]
[Time "21:38:50"]
[TimeControl "2700+45"]

1. e4 e5 2. Nf3 Nc6 3. Bb5 f5 4. d3 fxe4 5. dxe4 Nf6 6. O-O d6 7. Nc3 Be7 8. Qd3
a6 9. Bxc6+ bxc6 10. Qc4 Bd7 11. Ng5 Rf8 12. Be3 Ng4 13. Nxh7 Rh8 14. h3 Nf6 15.
Ng5 Nd5 16. exd5 Bxg5 17. dxc6 Bf5 18. f4 Bh6 19. Rae1 Qh4 20. Nd5 Rc8 21. Bf2
Qh5 22. fxe5 Bd2 23. Re2 Bxh3 24. exd6+ Be6 25. Rxe6+ Kd8 26. Bh4+ g5 27. dxc7+
Rxc7 28. Nxc7 Qxh4 29. Qxh4 Rxh4 30. Rd6+ Kxc7 31. Rxd2 Kxc6 32. Rfd1 g4 33.
Rd6+ Kc5 34. R1d5+ Kc4 35. Rd4+ Kb5 36. b3 Kc5 37. a4 a5 38. c3 Rh5 39. b4+ axb4
40. cxb4# {Black checkmated} 1-0

[Event "Team 45 45 League T78"]
[Site "Internet Chess Club"]
[Date "2018.10.04"]
[Round "3"]
[White "evan7284"]
[Black "DaveTheRook"]
[Result "1/2-1/2"]
[WhiteElo "1594"]
[BlackElo "1606"]
[Opening "Queen's pawn: London system"]
[ECO "A45"]
[Time "15:31:24"]
[TimeControl "2700+45"]

1. d4 Nf6 2. Bf4 b6 3. e3 e6 4. Nd2 Bb7 5. Ngf3 Be7 6. Bd3 O-O 7. Qe2 d5 8. Ne5
c5 9. c3 c4 10. Bc2 Nbd7 11. e4 Nxe5 12. dxe5 Nxe4 13. Nxe4 dxe4 14. Bxe4 Bxe4
15. Qxe4 Qc7 16. O-O b5 17. Qf3 Rfd8 18. Rfd1 Rxd1+ 19. Rxd1 Rd8 {Game drawn by
mutual agreement} 1/2-1/2

[Event "Team 45 45 League T78"]
[Site "Internet Chess Club"]
[Date "2018.10.07"]
[Round "3"]
[White "pokerram"]
[Black "RD1974"]
[Result "0-1"]
[WhiteElo "1597"]
[BlackElo "1585"]
[Opening "French: Steinitz, Boleslavsky variation"]
[ECO "C11"]
[Time "19:05:52"]
[TimeControl "2700+45"]

1. e4 e6 2. d4 d5 3. Nc3 Nf6 4. e5 Nfd7 5. f4 c5 6. Nf3 Nc6 7. Be3 Be7 8. Be2
O-O 9. O-O cxd4 10. Nxd4 Bc5 11. Qd2 Nxd4 12. Bxd4 Qb6 13. Nb5 a6 14. Bxc5 Nxc5
15. Nd4 Ne4 16. Qd3 Bd7 17. Kh1 Rac8 18. Bf3 Rc4 19. Qe3 Qxd4 20. Qxd4 Rxd4 21.
c3 Rc4 22. Rad1 Bb5 23. Bxe4 Rxe4 24. Rf2 Rc8 25. g3 Re2 26. Rf3 Rxb2 27. Re1
Rxa2 28. f5 Bc6 {White resigns} 0-1

[Event "Team 45 45 League T78"]
[Site "Internet Chess Club"]
[Date "2018.10.06"]
[Round "3"]
[White "ChessMaine"]
[Black "Megasus"]
[Result "0-1"]
[WhiteElo "1506"]
[BlackElo "1494"]
[Opening "Queen's pawn game"]
[ECO "A45"]
[Time "05:07:44"]
[TimeControl "2700+45"]

1. d4 Nf6 2. e3 e6 3. Bd3 d5 4. Nd2 c6 5. f4 Qc7 6. Ngf3 Ng4 7. Qe2 Nd7 8. Ne5
Ngxe5 9. fxe5 c5 10. c3 a6 11. O-O Nb6 12. Rf3 c4 13. Bc2 Qe7 14. Rh3 g6 15. Nf3
Bg7 16. Bd2 Bd7 17. Be1 O-O-O 18. Bh4 f6 19. exf6 Bxf6 20. Bg3 Rdf8 21. Ne5 Be8
22. b3 Qa3 23. Rb1 Qxa2 24. bxc4 Nxc4 25. Nxc4 Qxc4 26. Bd3 Qc6 27. Rc1 b5 28.
c4 Rf7 29. Rc2 dxc4 30. Bxc4 Kb7 31. Bd3 Qd5 32. Bxg6 hxg6 33. Rc5 Qe4 34. Rxh8
Bxh8 35. Rc3 Bxd4 36. Qe1 Bxc3 37. Qxc3 Bc6 38. Qd2 Rd7 39. Qe1 Qxg2# {White
checkmated} 0-1

[Event "Team 45 45 League T78"]
[Site "Internet Chess Club"]
[Date "2018.10.04"]
[Round "3"]
[White "chessabc"]
[Black "cityprosecutor"]
[Result "0-1"]
[WhiteElo "1761"]
[BlackElo "1703"]
[Opening "Trompowsky attack (Ruth, Opocenský opening)"]
[ECO "A45"]
[Time "22:07:15"]
[TimeControl "2700+45"]

1. d4 Nf6 2. Bg5 Ne4 3. Bh4 c5 4. f3 g5 5. fxe4 gxh4 6. e3 Bh6 7. Kf2 cxd4 8.
exd4 Nc6 9. Nf3 e5 10. c3 d6 11. Bc4 Qb6 12. b3 Bg4 13. Rf1 exd4 14. cxd4 Bxf3
15. Qxf3 Qxd4+ 16. Ke1 O-O-O 17. Nc3 Qd2# {White checkmated} 0-1

[Event "Team 45 45 League T78"]
[Site "Internet Chess Club"]
[Date "2018.10.05"]
[Round "3"]
[White "elessar"]
[Black "Timotheous"]
[Result "1-0"]
[WhiteElo "1636"]
[BlackElo "1712"]
[Opening "Queen's pawn: London system"]
[ECO "A45"]
[Time "14:01:42"]
[TimeControl "2700+45"]

1. d4 Nf6 2. Bf4 c5 3. e3 Qb6 4. Nc3 d6 5. Bb5+ Bd7 6. a4 a6 7. a5 Qd8 8. Bxd7+
Nbxd7 9. Nf3 g6 10. h3 Bg7 11. O-O O-O 12. Qd2 Re8 13. d5 Nh5 14. Bh2 b6 15. g4
Nhf6 16. axb6 Nxb6 17. Qd3 Qc8 18. e4 Rd8 19. Rfd1 Ne8 20. Kg2 Nc7 21. Nh4 Qd7
22. f4 Nb5 23. f5 g5 24. Nf3 Bf6 25. h4 h6 26. hxg5 hxg5 27. Rh1 Bxc3 28. bxc3
f6 29. Nxg5 fxg5 30. Be5 dxe5 31. Qh3 Qd6 32. Qh8+ {Black resigns} 1-0